 Dungeon Crawl Stone Soup version 0.32-a0-427-g448f42529f (webtiles) character file.

Game seed: 3370860891649007890

102 GordonOverkill the Sneak (level 4, -3/24 HPs)
             Began as a Spriggan Delver on Feb 22, 2024.
             Slain by an iguana (13 damage)
             ... on level 4 of the Dungeon.
             The game lasted 00:02:17 (348 turns).

GordonOverkill the Sneak (Spriggan Delver)           Turns: 348, Time: 00:02:18

Health: -3/24      AC:  2    Str:  8    XL:     4   Next: 49%
Magic:  9/9        EV: 17    Int: 13    God:
Gold:   51         SH:  0    Dex: 16    Spells: 9/9 levels left

rFire   . . .        a - +0 short sword
rCold   . . .        (no shield)
rNeg    . . .        b - +0 robe
rPois   .            (helmet restricted)
rElec   .            (no cloak)
rCorr   .            (gloves unavailable)
SInv    +            (boots unavailable)
Will    .....        (no amulet)
Stlth   ++++         (no ring)
HPRegen 0.24/turn    (no ring)
MPRegen 0.11/turn

%: no passive effects
@: very quick
A: very small, no large weapons, unfitting armour, see invisible, speed 3
a: no special abilities


You were on level 4 of the Dungeon.
You visited 2 branches of the dungeon, and saw 4 of its levels.

You collected 51 gold pieces.

Inventory:

Hand Weapons
 a - a +0 short sword (weapon)
 i - a +0 sling
Armour
 b - a +0 robe (worn)
Wands
 g - a wand of digging (2)
Scrolls
 c - a scroll of fog
 d - a scroll of revelation
 e - a scroll of fear
Potions
 f - a potion of haste
 h - 2 potions of heal wounds {unknown}


   Skills:
 - Level 3.0 Fighting
 - Level 3.0 Short Blades
 - Level 2.6 Dodging
 - Level 7.2 Stealth
 - Level 3.0 Spellcasting
 + Level 1.2 Conjurations


You had 9 spell levels left.
You didn't know any spells.
Your spell library was empty.

Dungeon Overview and Level Annotations

Branches:
Dungeon (6/15)             Temple (1/1) D:4

Altars:
Ashenzari
Cheibriados
Elyvilon
Gozag
Hepliaklqana
Kikubaaqudgha
Makhleb
Okawaru
Ru
Uskayaw
Wu Jian
Xom
The Shining One


Innate Abilities, Weirdness & Mutations

You are very small and have problems with some larger weapons.
You are too small for most types of armour.
You have supernaturally acute eyesight. (SInv)
You cover ground extremely quickly. (Speed+++)


Message History

The jackal is almost dead.
The jackal bites you.
You hit the jackal.
You kill the jackal!
The jackal barely misses you.
You hit the jackal.
You kill the jackal!
Things that are here:
a jackal corpse; a jackal corpse No target in view!
No target in view!
Found 7 gold pieces.
An adder comes into view.
An iguana comes into view.
The adder moves out of view.
A kobold comes into view.
It is wielding a +2 short sword of holy wrath.
You see here 7 gold pieces.
Found a stone staircase leading up.
The adder hisses angrily.
The iguana hisses angrily.
The kobold throws a stone.
The stone barely misses you.
You hit the iguana but do no damage. The iguana completely misses you.
You hit the iguana but do no damage. You hit the iguana but do no damage.
The iguana closely misses you.
You hit the iguana but do no damage. The iguana closely misses you.
You barely miss the iguana.
The iguana hisses menacingly.
The iguana bites you.
You hit the iguana.
The iguana is lightly wounded.
The iguana closely misses you.
You are too injured to fight recklessly!
You hit the iguana but do no damage.
The iguana is lightly wounded.
The iguana bites you!
* * * LOW HITPOINT WARNING * * *
You are too injured to fight recklessly!
You hit the iguana but do no damage.
The iguana is lightly wounded.
The iguana bites you!
Ouch! That really hurt!
You die...

#..<....# .......##
#.......# .......#
#......## #######
#.......#
#.....####......#
###...@lSK...####
#######...$...######
#######......##
######.†. ####


You could see an iguana, an adder and a kobold.

Vanquished Creatures
  A centaur (D:5)
  An adder (D:4)
  An endoplasm (D:4)
  2 jackals (D:4)
  2 ball pythons (D:4)
7 creatures vanquished.

Notes
Turn   | Place    | Note
-------+----------+-------------------------------------------
     0 | D:5      | GordonOverkill the Spriggan Delver began the quest for the
                  | Orb.
     0 | D:5      | Reached XP level 1. HP: 11/11 MP: 2/2
     3 | D:6      | Noticed a gnoll sergeant
    58 | D:5      | Noticed a hound
   149 | D:5      | Noticed a centaur
   154 | D:5      | Killed a centaur
   155 | D:5      | Reached XP level 2. HP: 14/16 MP: 2/7
   155 | D:5      | Reached XP level 3. HP: 17/20 MP: 2/8
   155 | D:5      | Reached XP level 4. HP: 21/24 MP: 2/9
   263 | D:4      | Found a staircase to the Ecumenical Temple.
   272 | Temple   | Entered the Ecumenical Temple
   288 | D:4      | Reached skill level 1 in Conjurations
   348 | D:4      | Slain by an iguana

Illustrated notes

Levels and vault maps discovered:
D:4:      layout_cave_pods, zin_treasury, nemelex_dance_club_becter,
          minmay_temple_entry_tees, mainiacjoe_sewer_entry_somewhere_in_here_1
D:5:      cheibrodos_thug_alley, layout_layer_cave, serial_shops,
          nicolae_shop_rolling_square
D:6:      layout_gridville
Temple:   nicolae_temple_bog_church

Skill      XL: |  1  2  3  4 |
---------------+-------------+-----
Fighting       | 3 |  3.0
Short Blades   | 3 |  3.0
Spellcasting   | 3 |  3.0
Conjurations   | 1 |  1.2
Dodging        | |  2.6
Stealth        | |  7.2

Action                     |  1- 3 |  4- 6 || total
---------------------------+-------+-------++-------
  Melee: Short sword       |     1 |    20 ||    21
  Evoke: Wand              |     1 |       ||     1
   Stab: Sleeping          |     1 |     4 ||     5
 Armour: Robe              |     5 |     7 ||    12
  Dodge: Dodged            |     3 |    11 ||    14

Table legend: (Time is in decaauts)
 A = Elapsed time spent in this place.
 B = Non-inter-level travel time spent in this place.
 C = Inter-level travel time spent in this place.
 D = Time resting spent in this place.
 E = Time spent auto-exploring this place.
 F = Levels seen in this place.
 G = Mean time per level.
                   A        B        C        D        E       F      G
               +--------+--------+--------+--------+--------+-----+--------+
         Total |    229 |    229 |      0 |     21 |      0 |   4 |   57.2 |
       Dungeon |    227 |    227 |      0 |     21 |      0 |   3 |   75.7 |
        Temple |      1 |      1 |      0 |      0 |      0 |   1 |    1.0 |
               +--------+--------+--------+--------+--------+-----+--------+

Top non-repeatable levels by time:
     D:5: 136 daAuts
     D:4: 85 daAuts
     D:6: 5 daAuts
  Temple: 1 daAuts
